 Dungeon Crawl Stone Soup version 0.13-a0-2236-g7be3fc8 (webtiles) character file.

219 M4edhros the Bolt Thrower (level 3, -4/23 HPs)
             Began as an Octopode Arcane Marksman on July 4, 2013.
             Was an Initiate of Okawaru.
             Slain by an adder (5 damage)
             ... on Level 2 of the Dungeon.
             The game lasted 00:02:55 (1537 turns).

M4edhros the Bolt Thrower (OpAM)                    Turns: 1537, Time: 00:02:55

HP  -4/23        AC  1     Str 10      XL: 3   Next: 95%
MP   4/4         EV 12     Int 16      God: Okawaru [......]
Gold 163         SH  0     Dex 11      Spells:  1 memorised,  5 levels left

Res.Fire  : + . .   See Invis. : .   (no weapon)
Res.Cold  : . . .   Warding    : .   (no shield)
Life Prot.: . . .   Conserve   : .   (helmet restricted)
Res.Poison: .       Res.Corr.  : .   (no amulet)
Res.Elec. : .       Clarity    : .   e - ring of protection from fire {unknown}
Sust.Abil.: . .     Spirit.Shd : .   (no ring)
Res.Mut.  : .       Stasis     : .   (no ring)
Res.Rott. : .       Flight     : .   (no ring)
Saprovore : . . .                    (no ring)
                                     (no ring)
                                     (no ring)
                                     (no ring)

@: not resistant to hostile enchantments, fairly stealthy
A: almost no armour, amphibious, 8 rings, constrict 8, camouflage 1, AC +1
a: Renounce Religion


You were on level 2 of the Dungeon.
You worshipped Okawaru.
Okawaru was noncommittal.
You were not hungry.

You visited 1 branch of the dungeon, and saw 2 of its levels.

You collected 113 gold pieces.

Inventory:

Hand weapons
 b - a +0,+0 crossbow
Missiles
 c - 20 bolts
 o - 4 steel javelins (quivered)
Comestibles
 f - a bread ration
 g - 14 sultanas
 h - a rambutan
 k - 2 meat rations
 n - a snozzcumber
Scrolls
 a - 3 scrolls of remove curse {unknown}
 i - 2 scrolls of identify {unknown}
 l - a scroll of enchant armour {unknown}
 m - 2 scrolls of teleportation {unknown}
Jewellery
 e - a ring of protection from fire (left tentacle) {unknown}
Books
 d - a book of Debilitation

   Spells                             Type                      Level
   *Corona                            Hexes                        1
   Slow                               Hexes                        2
   Inner Flame                        Hexes/Fire                   3
   Enslavement                        Hexes                        4
   Cause Fear                         Hexes                        4
   Leda's Liquefaction                Hexes/Earth                  4


   Skills:
 + Level 2.4 Fighting
 + Level 3.3 Crossbows
 - Level 2.0 Dodging
 - Level 2.0 Spellcasting
 - Level 3.0 Hexes


You had 5 spell levels left.
You knew the following spells:

 Your Spells              Type           Power        Failure   Level  Hunger
a - Corona                Hex            ##.....      8%          1    #......


Dungeon Overview and Level Annotations

Branches:
Dungeon (2/27)

Altars:
Okawaru


Innate Abilities, Weirdness & Mutations

You cannot wear most types of armour.
You are amphibious.
You can wear up to eight rings at the same time.
You can use your tentacles to constrict many enemies at once.
Your skin changes colour to match your surroundings (Stlth).
Your rubbery body absorbs attacks (AC +1).


Message History

You hit the adder. Your grab misses the adder.
The adder is lightly wounded.
You constrict the worm. The adder misses you. The adder barely misses you.
You hit the adder. Your grab misses the adder.
The adder is heavily wounded.
You constrict the worm. The worm bites you. The adder bites you.
You hit the adder. Your grab misses the adder. Your squeeze misses the adder.
The adder is heavily wounded.
You constrict the worm. The adder closely misses you. The worm bites you!
You barely miss the adder. Your grab misses the adder.
The adder is heavily wounded.
You constrict the worm. The adder bites you.
You aren't carrying any potions.
Read which item? (? for menu, Esc to quit)
Okay, then.
You aren't carrying any items that can be evoked.
You release your grip on the worm.
The worm bites you!
* * * LOW HITPOINT WARNING * * *
The adder bites you.
You die...

#.#.#... #.#<.... .
#####.#.##.###.###...
..#...#.#.##>###.## ###
..................#####
#S....................
#...#..#......##.#####
# #..#..........# #
#S.#....##....# #
#@w#..).# ... #
#.....#.##.# #.#
#..!..#.##.# #.#####
#.....#....####.#...#
####.................
...##.....#.....)#
...####...#...#### ....
...[.#...# ...
###.####.##


You could see a worm and an adder.

Vanquished Creatures
  Terence (D:2)
  A gnoll (D:1)
  A giant gecko (D:1)
  6 bats
  5 goblins
  5 hobgoblins
  3 kobolds (D:1)
  2 ball pythons (D:2)
  A giant cockroach (D:1)
  A giant newt (D:2)
  2 jackals (D:2)
  7 rats
35 creatures vanquished.

Vanquished Creatures (others)
  4 toadstools (D:1)
4 creatures vanquished.

Grand Total: 39 creatures vanquished

Notes
Turn   | Place    | Note
--------------------------------------------------------------
     0 | D:1      | M4edhros, the Octopode Arcane Marksman, began the quest for the Orb.
     0 | D:1      | Reached XP level 1. HP: 13/13 MP: 1/1
   194 | D:1      | Reached XP level 2. HP: 18/18 MP: 3/3
   501 | D:1      | Reached XP level 3. HP: 17/23 MP: 4/4
  1077 | D:2      | Noticed Terence
  1259 | D:2      | Found an iron altar of Okawaru.
  1355 | D:2      | Became a worshipper of Warmaster Okawaru
  1519 | D:2      | Killed Terence
  1537 | D:2      | HP: 1/23 [worm (7)]
  1537 | D:2      | Slain by an adder

Action                   || total
-------------------------++-------
Melee: Unarmed           ||   108
  Use: Potion            ||     1
 Stab: Sleeping          ||     3
